AoeStats
← Yamza

Oasis

507547556Analyzed
4v4 RM · 13d ago on Sep 18, 2026· 86m 16s· 8 players
Game mode
Random Map
Map size
Large (8 player)
Population
200
Speed
Normal
Resources
Standard
Victory
Conquest
Starting age
Dark Age
Ending age
Imperial Age
RankedLock teamsTeams togetherTeam positionsShared explorationLock speedFull tech treeHidden civsTurbo modeCheats
Victory
Defeat
🇷🇺 Chinese · Russia
684
+18
🇦🇷 Georgians · Argentina
654
+19
🇦🇷 Spanish · Argentina
652
+19
🇮🇹 Italians · Italy
651
+19
🇨🇳 Franks · China
782
-22
🇺🇸 Chinese · United States
761
-20
🇫🇷 Sicilians · France
733
-19
🇫🇷 Franks · France
596
-14
jpgoicochea6
16:06 Feudal Age
22:05 Castle Age
22:05 Double-Bit Axe
23:24 Pikeman
31:42 Horse Collar
45:46 Fortified Wall
45:56 Ballistics
47:56 Wheelbarrow
47:12 Loom
56:36 Scale Barding Armor
56:56 Heavy Plow
57:44 Chain Barding Armor
59:31 Town Watch
60:02 Hand Cart
60:01 Husbandry
62:24 Squires
67:31 Imperial Age
70:11 Chemistry
73:11 Caravan
73:43 Coinage
73:24 Guilds
75:41 Bow Saw
77:55 Onager
83:09 Halberdier
Cavalcanti
18:08 Feudal Age
24:52 Castle Age
22:56 Stone Mining
22:56 Double-Bit Axe
23:22 Horse Collar
26:57 Bow Saw
27:15 Fletching
30:45 Fortified Wall
30:54 Gold Mining
31:43 Pikeman
34:27 Wheelbarrow
38:46 Bodkin Arrow
43:07 Imperial Age
41:38 Great Wall
42:12 Scale Barding Armor
42:18 Forging
42:11 Scale Mail Armor
43:39 Gold Shaft Mining
44:15 Conscription
46:07 Scale Barding Armor
46:38 Iron Casting
46:25 Chain Mail Armor
50:49 Murder Holes
carognavera
9:20 Feudal Age
10:38 Wheelbarrow
9:46 Horse Collar
9:54 Double-Bit Axe
17:30 Gold Mining
17:31 Stone Mining
22:18 Castle Age
23:13 Bow Saw
23:06 Heavy Plow
23:22 Hand Cart
25:24 Stone Shaft Mining
29:15 Caravan
31:39 Forging
31:29 Scale Mail Armor
31:30 Padded Archer Armor
31:20 Fletching
31:24 Heated Shot
31:55 Ballistics
33:22 Iron Casting
36:23 Imperial Age
33:39 Town Watch
34:49 Town Patrol
35:53 Bodkin Arrow
36:14 Leather Archer Armor
36:14 Chain Mail Armor
36:03 Squires
35:23 Pikeman
35:25 Elite Skirmisher
36:55 Elite Genoese Crossbowman
46:00 Chemistry
45:07 Bracer
45:37 Ring Archer Armor
45:38 Plate Mail Armor
46:08 Blast Furnace
44:41 Onager
46:52 Guard Tower
46:48 Arrowslits
47:23 Bombard Tower
47:14 Masonry
79:53 Crop Rotation
80:31 Two-Man Saw
80:38 Arson
DiamanteX3191
12:50 Feudal Age
14:23 Wheelbarrow
13:36 Loom
13:38 Double-Bit Axe
13:36 Horse Collar
13:48 Gold Mining
21:06 Castle Age
20:40 Scale Barding Armor
20:47 Forging
22:43 Hand Cart
23:00 Stone Mining
23:32 Bow Saw
23:14 Town Watch
27:38 Chain Barding Armor
33:23 Bloodlines
33:14 Husbandry
33:54 Svan Towers
33:43 Fletching
34:29 Iron Casting
36:30 Imperial Age
34:23 Ballistics
33:56 Guard Tower
38:30 Blast Furnace
37:27 Bodkin Arrow
38:07 Plate Barding Armor
38:17 Keep
37:39 Murder Holes
38:46 Chemistry
37:26 Treadmill Crane
37:18 Cavalier
39:11 Heavy Plow
39:52 Elite Monaspa
40:59 Conscription
42:57 Crop Rotation
43:10 Bracer
43:18 Town Patrol
45:14 Light Cavalry
46:18 Arrowslits
46:44 Masonry
46:41 Siege Engineers
49:05 Hussar
55:39 Squires
55:26 Gambesons
55:30 Pikeman
56:10 Halberdier
59:57 Scale Mail Armor
61:48 Hoardings
63:24 Architecture
75:01 Stone Shaft Mining
80:18 Chain Mail Armor
83:03 Plate Mail Armor
83:39 Fortified Wall
jer0007
0:28 Loom
13:16 Feudal Age
14:45 Wheelbarrow
13:59 Double-Bit Axe
13:57 Horse Collar
14:24 Gold Mining
14:58 Stone Mining
24:42 Castle Age
23:22 Fletching
26:17 Hand Cart
27:14 Bow Saw
27:09 Heavy Plow
27:49 Gold Shaft Mining
27:52 Stone Shaft Mining
27:45 Caravan
28:39 Padded Archer Armor
33:20 Great Wall
33:29 Town Watch
34:50 Bodkin Arrow
35:10 Leather Archer Armor
36:41 Town Patrol
37:19 Thumb Ring
37:36 Fortified Wall
37:22 Murder Holes
38:16 Fervor
42:13 Imperial Age
41:25 Ballistics
41:15 Masonry
43:32 Conscription
43:33 Rocketry
44:25 Two-Man Saw
44:31 Chemistry
43:29 Arrowslits
43:50 Capped Ram
47:03 Ring Archer Armor
46:33 Bracer
50:10 Heavy Rocket Cart
50:15 Elite Chu Ko Nu
50:24 Crossbowman
51:42 Arbalester
53:41 Siege Ram
56:35 Architecture
56:36 Bloodlines
56:26 Husbandry
55:47 Cavalier
56:01 Light Cavalry
56:43 Husbandry
58:51 Forging
58:46 Scale Barding Armor
61:44 Iron Casting
61:31 Chain Barding Armor
68:13 Plate Barding Armor
68:39 Blast Furnace
Yamza
17:18 Feudal Age
17:57 Horse Collar
18:05 Double-Bit Axe
18:12 Gold Mining
21:51 Bloodlines
25:23 Castle Age
25:44 Forging
25:48 Pikeman
26:34 Crossbowman
28:08 Squires
30:13 Loom
30:42 Heavy Plow
31:37 Husbandry
32:48 Wheelbarrow
32:51 Iron Casting
33:58 Gold Shaft Mining
38:56 Scale Barding Armor
40:36 Hand Cart
46:26 Chain Barding Armor
47:13 Padded Archer Armor
47:03 Fletching
49:47 Imperial Age
47:13 Town Watch
48:39 Leather Archer Armor
48:20 Bodkin Arrow
50:56 Cavalier
50:59 Arbalester
53:44 Elite Serjeant
Jalabert
10:10 Feudal Age
12:17 Double-Bit Axe
13:10 Wheelbarrow
13:41 Loom
19:11 Stone Mining
23:13 Castle Age
23:37 Gold Mining
24:20 Scale Mail Armor
24:31 Forging
25:06 Squires
24:52 Arson
27:11 Gold Shaft Mining
27:17 Chain Mail Armor
28:52 Ballistics
28:37 Murder Holes
31:03 Iron Casting
39:32 #83
43:44 Bow Saw
49:49 Hand Cart
56:29 Imperial Age
57:51 Plate Mail Armor
58:22 Blast Furnace
57:46 Conscription
56:53 Elite Throwing Axeman
64:34 Scale Barding Armor
65:02 Husbandry
64:23 Cavalier
65:07 Chivalry
68:35 Chain Barding Armor
68:15 Paladin
70:49 Plate Barding Armor
81:25 Masonry
山猪佩奇y
11:26 Feudal Age
12:16 Double-Bit Axe
13:09 Wheelbarrow
18:19 Castle Age
18:36 Gold Mining
18:36 Stone Mining
19:11 Bow Saw
22:29 Gold Shaft Mining
23:00 Hand Cart
29:41 Imperial Age
28:21 Caravan
35:18 Forging
35:15 Scale Barding Armor
35:20 Cavalier
36:01 Husbandry
36:24 Conscription
35:53 Loom
35:57 Town Watch
36:52 Iron Casting
37:10 Chain Barding Armor
37:08 Paladin
38:59 Blast Furnace
39:34 Plate Barding Armor
46:19 Onager
Connection lost

Rejoining the realm…

Still unreachable

The connection could not be restored.

Session expired

The server has moved on; the page needs a fresh start.